 Dungeon Crawl Stone Soup version 0.29.1-2-gbd0b4ee654 (webtiles) character file.

Game seed: 12538517786432320097

974 hawla the Frost Mage (level 8, -5/52 (57) HPs)
             Began as a Meteoran Ice Elementalist on Oct 25, 2022.
             Killed by divine providence
             ... invoked by an orc priest
              (14 damage)
             ... on level 7 of the Dungeon.
             The game lasted 00:13:42 (2024 turns).

hawla the Frost Mage (Meteoran Ice Elementalist)    Turns: 2024, Time: 00:13:43

HP:   -5/52 (57)    AC:  5    Str: 11    XL:     8   Next: 66%
MP:   13/15         EV: 13    Int: 18    God:
Gold: 279           SH:  0    Dex: 14    Spells: 8/16 levels left

rFire   . . .      SeeInvis .   (no weapon)
rCold   . . .      Faith    .   (no shield)
rNeg    . . .      Spirit   .   a - +1 robe
rPois   .          Reflect  .   (no helmet)
rElec   .          Harm     .   (no cloak)
rCorr   +          Rampage  .   (no gloves)
Will    +....                   q - +1 pair of boots
Stlth   +.........              p - amulet of regeneration
HPRegen 0.97/turn               d - ring of resist corrosion
MPRegen 0.14/turn               (no ring)

@: very slightly contaminated, glowing, drained
A: sense surroundings 1, otherworldly, glowing, explore regen
a: no special abilities


You were on level 7 of the Dungeon.
You visited 1 branch of the dungeon, and saw 5 of its levels.

You collected 279 gold pieces.

Inventory:

Armour
 a - a +1 robe (worn)
 q - a +1 pair of boots (worn)
Jewellery
 d - a ring of resist corrosion (left hand)
 p - an amulet of regeneration (around neck)
Wands
 f - a wand of charming (7) (quivered)
Scrolls
 h - a scroll of enchant weapon
 j - a scroll of fear
Potions
 b - a potion of degeneration {unknown}
 e - a potion of invisibility {unknown}
 g - 2 potions of ambrosia
 m - a potion of attraction
 o - a potion of mutation {unknown}
 r - a potion of heal wounds {unknown}


   Skills:
 + Level 0.2 Fighting
 + Level 3.1 Dodging
 - Level 1.4 Stealth
 + Level 4.6 Spellcasting
 + Level 2.6 Conjurations
 + Level 9.6 Ice Magic
 + Level 2.0 Evocations


You had 8 spell levels left.
You knew the following spells:

 Your Spells              Type           Power      Damage    Failure   Level
a - Freeze                Ice            100%       1d11      1%          1
b - Frozen Ramparts       Ice            76%        1d12      1%          3
c - Hailstorm             Conj/Ice       26%        3d7       11%         4

Your spell library contained the following spells:

 Spells                   Type           Power      Damage    Failure   Level
 Ozocubu's Armour         Ice            38%        N/A       1%          3
 Sublimation of Blood     Necr           4%         N/A       22%         2


Dungeon Overview and Level Annotations

Branches:
Dungeon (4/15) Zot: 967
 Temple: D:4-7

Altars:
Gozag

Shops:
D:3 [


Innate Abilities, Weirdness & Mutations

You passively map a small area around you.
You are easily found by Zot.
You glow in the dark.
You regain HP and MP as you explore.


Message History

You aren't carrying any weapons that can be branded.
The wight hits you with a +0 falchion.
You feel drained.
The wight completely resists.
The wall freezes the wight but does no damage.
The wight hits you from afar with a +5 spear.
You feel drained.
As you read the scroll of teleportation, it crumbles to dust.
You feel strangely unstable.
The wight completely resists.
The wall freezes the wight but does no damage.
The wight completely misses you. The wight hits you with a +0 falchion.
The wight completely resists.
The wall freezes the wight but does no damage.
The wight hits you from afar with a +5 spear!
* * * LOW HITPOINT WARNING * * *
Your frozen ramparts will break if you move.
Continue? [Y]es or [N]o only, please.
Your frozen ramparts will break if you move.
Continue?
The wight attacks as you move away! The wight hits you with a +0 falchion.
* * * LOW HITPOINT WARNING * * *
The wight attacks as you move away! The wight barely misses you.
The frozen ramparts melt away as you move.
The wight attacks as you move away!
The wight hits you with a +5 short sword.
* * * LOW HITPOINT WARNING * * *
The wight attacks as you move away!
The wight hits you with a +5 short sword.
* * * LOW HITPOINT WARNING * * *
Your surroundings suddenly seem different.
An orc priest and 3 orcs come into view.
The orc priest shouts!
The orc hits you with a +0 flail!
The orc priest mumbles some strange prayers to Beogh against you.
Beogh smites you!
* * * LOW HITPOINT WARNING * * *
You feel better.
The orc shouts! x2
The orc hits you but does no damage.
The orc priest invokes the aid of Beogh against you.
Beogh smites you!
You die...

* , ......* , ,
, ..... #...# ,
,, , *
####...####### *
#............. ,
, ,
#............. .
*
#.......o..o.o,,
,.
+.....@o......,
, , ,
,#.............
, ###..######...
, #.. * .* ,,
... , , .... , ,
, * .... , , .
...., , . ,,


You could see an orc priest and 3 orcs.

Vanquished Creatures
  Grinder (D:4)
  Eustachio (D:4)
  A water moccasin (D:7)
  A bullfrog (D:7)
  A necrophage (D:4)
  2 orc priests (D:4)
  A jelly (D:4)
  A gnoll bouda (D:7)
  Jessica (D:3)
  3 iguanas (D:4)
  5 gnolls (D:7)
  7 adders
  2 worms
  5 dart slugs
  3 orcs
  4 bats
  3 endoplasms
  2 giant cockroaches (D:1)
  10 goblins
  6 hobgoblins
  6 jackals
  A quokka (D:3)
  4 ball pythons
  2 frilled lizards
  4 kobolds
  3 rats
80 creatures vanquished.

Notes
Turn   | Place    | Note
-------+----------+-------------------------------------------
     0 | D:1      | hawla the Meteoran Ice Elementalist began the quest for the
                  | Orb.
     0 | D:1      | Reached XP level 1. HP: 14/14 MP: 5/5
    71 | D:1      | Reached XP level 2. HP: 4/20 MP: 3/6
   178 | D:1      | Reached skill level 5 in Ice Magic
   182 | D:1      | Reached XP level 3. HP: 18/26 MP: 0/8
   186 | D:1      | Learned a level 3 spell: Frozen Ramparts
   491 | D:1      | Glimpsed the power of Zot.
   529 | D:2      | Reached XP level 4. HP: 22/33 MP: 0/9
   685 | D:2      | Reached XP level 5. HP: 38/38 MP: 6/11
   690 | D:2      | Learned a level 4 spell: Hailstorm
   952 | D:3      | Found Cogyemn's Armour Boutique.
  1111 | D:3      | Found an opulent altar of Gozag.
  1204 | D:3      | Reached skill level 6 in Ice Magic
  1300 | D:3      | Noticed Jessica
  1312 | D:3      | Killed Jessica
  1317 | D:3      | Got Jessica's Compilation of Sinister Magicks
  1350 | D:4      | Reached XP level 6. HP: 11/45 MP: 10/12
  1410 | D:4      | Noticed Grinder
  1442 | D:4      | Killed Grinder
  1443 | D:4      | Reached skill level 1 in Conjurations
  1443 | D:4      | Reached skill level 8 in Ice Magic
  1443 | D:4      | Reached XP level 7. HP: 22/50 MP: 8/13
  1574 | D:4      | Noticed Eustachio
  1578 | D:4      | Killed Eustachio
  1579 | D:4      | Reached XP level 8. HP: 57/57 MP: 2/14
  1604 | D:4      | Reached skill level 9 in Ice Magic
  1823 | D:4      | You fall into a shaft and drop 3 floors!
  2023 | D:7      | HP: 2/52 [orc priest/divine providence (16)]
  2024 | D:7      | Killed from afar by an orc priest

Illustrated notes

Levels and vault maps discovered:
D:1:      dpeg_arrival_leaves_temple_mockup, layout_rooms, chequers_arboretum,
          roderic_nine_men_s_morris
D:2:      layout_rooms
D:3:      layout_rooms, mainiacjoe_overflow_six_doors_small, serial_shops,
          nicolae_shop_advertising_works [nicolae_subvault_shop_adworks],
          kennysheep_jessica_study
D:4:      layout_cave_pools, uniq_eustachio, uniq_grinder
D:7:      layout_gridville, grunt_temple_overflow_champion_of_chaos

Skill      XL: |  1  2  3  4  5  6  7  8 |
---------------+-------------------------+-----
Ice Magic      | 5 6 8 9 |  9.6
Spellcasting   | 3 4 |  4.6
Dodging        | 3 |  3.1
Conjurations   | 1 2 |  2.6
Evocations     | 2 |  2.0
Fighting       | |  0.2
Stealth        | |  1.4

Action                   |  1- 3 |  4- 6 |  7- 9 || total
-------------------------+-------+-------+-------++-------
Melee: Unarmed           |     8 |    19 |    30 ||    57
 Cast: Freeze            |    33 |    17 |    17 ||    67
       Frozen Ramparts   |     2 |    22 |     9 ||    33
       Hailstorm         |       |     9 |     7 ||    16
  Use: Potion            |     1 |     4 |     1 ||     6
       Scroll            |       |     9 |     2 ||    11
Armor: Robe              |    16 |     5 |    13 ||    34
Dodge: Dodged            |     8 |    21 |    34 ||    63
